 Dungeon Crawl Stone Soup version 0.31-a0-632-g766dd24fdf (webtiles) character file.

Game seed: 13138136046169090238

1627 thirtiethelement the Sneak (level 8, -9/58 HPs)
             Began as a Demonspawn Shapeshifter on Aug 25, 2023.
             Was an Initiate of Cheibriados.
             Mangled by a yak (14 damage)
             ... on level 7 of the Dungeon.
             The game lasted 00:13:29 (5902 turns).

thirtiethelement the Sneak (DsSh)                   Turns: 5902, Time: 00:13:30

Health: -9/58      AC:  4    Str: 19    XL:     8   Next: 65%
Magic:  8/13       EV: 12    Int: 16    God:    Cheibriados [......]
Gold:   268        SH:  0    Dex: 15    Spells: 12/14 levels left

rFire   . . .        a - +0 dagger
rCold   . . .        (no shield)
rNeg    . . .        l - +0 leather armour
rPois   .            (no helmet)
rElec   .            (no cloak)
rCorr   .            (no gloves)
SInv    .            (no boots)
Will    .....        (no amulet)
Stlth   +++          v - +6 ring of intelligence
HPRegen 0.29/turn    (no ring)
MPRegen 0.13/turn

%: no passive effects
@: very slow
A: hooves 2, rugged brown scales 1, spiny 1, demonic magic 1
a: Renounce Religion


You were on level 7 of the Dungeon.
You worshipped Cheibriados.
Cheibriados was noncommittal.
You visited 2 branches of the dungeon, and saw 8 of its levels.

You collected 268 gold pieces.

Inventory:

Hand Weapons
 a - a +0 dagger (weapon)
Missiles
 p - 3 darts of dispersal
 q - 7 boomerangs (quivered)
 t - 7 poisoned darts
Armour
 l - a +0 leather armour (worn)
Jewellery
 v - a +6 ring of intelligence (left hand)
Talismans
 c - a beast talisman
 d - a flux talisman
Wands
 h - a wand of polymorph (13)
Scrolls
 i - a scroll of enchant weapon {unknown}
 m - a scroll of silence {unknown}
 o - a scroll of enchant armour {unknown}
 r - 5 scrolls of teleportation
 x - a scroll of revelation {unknown}
 y - a scroll of poison {unknown}
 z - a scroll of amnesia
 B - a scroll of blinking
Potions
 b - 2 potions of lignification
 e - 3 potions of cancellation {unknown}
 f - a potion of enlightenment {unknown}
 g - 2 potions of invisibility {unknown}
 j - 5 potions of curing
 n - 2 potions of attraction {unknown}
 s - 2 potions of brilliance {unknown}
 u - 2 potions of heal wounds {unknown}
 w - a potion of might {unknown}
 A - a potion of haste {unknown}


   Skills:
 + Level 2.5 Fighting
 + Level 2.3 Short Blades
 + Level 0.5 Throwing
 + Level 2.8 Armour
 + Level 3.1 Dodging
 + Level 5.8 Stealth
 + Level 3.4 Unarmed Combat
 + Level 3.9 Spellcasting
 + Level 0.6 Summonings
 + Level 3.8 Necromancy
 + Level 3.4 Shapeshifting


You had 12 spell levels left.
You knew the following spells:

 Your Spells              Type           Power      Damage    Failure   Level
a - Necrotise             Necr           60%        1d7       4%          1
b - Summon Small Mammal   Summ           20%        N/A       16%         1

Your spell library contained the following spells:

 Spells                   Type           Power      Damage    Failure   Level
 Apportation              Tloc           6%         N/A       21%         1


Dungeon Overview and Level Annotations

Branches:
Dungeon (7/15)             Temple (1/1) D:5

Altars:
Ashenzari
Cheibriados
Dithmenos
Fedhas
Gozag
Hepliaklqana
Kikubaaqudgha
Makhleb
Nemelex Xobeh
Okawaru
Qazlal
Ru
Sif Muna
Trog
Uskayaw
Yredelemnul

Shops:
D:2 ((

Annotations:
D:4 1 transporter, GoodGuyCap's ghost, amateur OpSh


Innate Abilities, Weirdness & Mutations

You have hoof-like feet.
You are partially covered in rugged brown scales. (AC +1, +3% HP)
You are partially covered in sharp spines.
Spells you cast may paralyse adjacent enemies.


Message History

The yak is severely wounded.
Your bat hits the yak but does no damage.
The helpless yak fails to defend itself.
You impale the yak!!
You kill the yak!
Your bat hits the yak but does no damage.
The helpless yak fails to defend itself.
You impale the yak!! You kick the yak, but do no damage.
The yak is severely wounded.
The yak is no longer paralysed.
Your bat hits the yak but does no damage.
The yak is struck by your spines. The yak gores you.
Casting: Necrotise (safe; 4% risk of failure)
Confirm with . or Enter, or press ? or * to list all spells.
Aiming: Necrotise (safe; 4% risk of failure)
Press: ? - help, Shift-Dir - straight line, f - yak
Aim: a yak (severely wounded, not watching you, ally target, chance to affect: 71%)
The yak writhes in agony.
Malevolent energies surge around you.
The yak suddenly stops moving!
Your bat hits the yak but does no damage.
The yak is struck by your spines. The yak barely misses you.
The yak is struck by your spines. The yak barely misses you.
The yak misses you.
Your magical contamination has completely faded away.
The helpless yak fails to defend itself.
You impale the yak!!
You kill the yak!
The yak is struck by your spines. The yak gores you! The yak barely misses you.
Casting: Necrotise (safe; 4% risk of failure)
Confirm with . or Enter, or press ? or * to list all spells.
Aiming: Necrotise (safe; 4% risk of failure)
Press: ? - help, Shift-Dir - straight line, f - yak
Aim: a yak (lightly wounded, chance to affect: 72%)
The yak struggles to resist.
Malevolent energies surge around you.
Your bat hits the yak. The yak gores you!
* * * LOW HITPOINT WARNING * * *
The yak gores you.
* * * LOW HITPOINT WARNING * * *
The yak gores you!
You die...

#+## ...$ .....
..... ...... # #
......#####.#...
......bYY.....#
#.@Y...#
#Y####%.... #.
### ##


You could see 4 yaks and a friendly bat (summoned).

Vanquished Creatures
  2 yaks (D:7)
  Menkaure (D:6)
  A water moccasin (D:6)
  An ice beast (D:6)
  A black bear (D:5)
  A sky beast (D:6)
  An ogre (D:4)
  2 scorpions
  A bullfrog (D:4)
  2 howler monkeys
  A jelly (D:6)
  2 hounds
  A gnoll bouda (D:6)
  4 iguanas
  2 orc wizards (D:5)
  9 gnolls
  3 adders
  A white imp (D:6)
  4 dart slugs
  12 orcs
  10 ball pythons
  6 bats
  3 endoplasms
  3 giant cockroaches
  7 goblins
  6 hobgoblins
  A jackal (D:3)
  3 quokkas
  6 frilled lizards
  4 kobolds
  8 rats
  A spectral orc (D:3)
110 creatures vanquished.

Notes
Turn   | Place    | Note
-------+----------+-------------------------------------------
     0 | D:1      | thirtiethelement the Demonspawn Shapeshifter began the
                  | quest for the Orb.
     0 | D:1      | Reached XP level 1. HP: 15/15 MP: 1/1
   145 | D:1      | Gained mutation: You are partially covered in sharp spines.
                  | [demonic ancestry]
   145 | D:1      | Reached XP level 2. HP: 13/21 MP: 2/2
   552 | D:1      | Found a faded altar of an unknown god.
   831 | D:1      | Gained mutation: Spells you cast may paralyse adjacent
                  | enemies. [demonic ancestry]
   831 | D:1      | Reached XP level 3. HP: 20/26 MP: 3/3
  1115 | D:2      | Found Ulaqi's Weapon Boutique.
  1451 | D:2      | Found Badd's Weapon Shoppe.
  1801 | D:3      | Gained mutation: You have large cloven feet. [demonic
                  | ancestry]
  1801 | D:3      | Reached XP level 4. HP: 27/32 MP: 4/4
  2028 | D:3      | Found a shadowy altar of Dithmenos.
  2218 | D:3      | Found a blossoming altar of Fedhas.
  2530 | D:3      | Found a basalt altar of Yredelemnul.
  2878 | D:4      | Found a transporter.
  2880 | D:4      | Noticed an ogre
  2880 | D:4      | Identified the +1 great mace "Utuenuwi" {flame, Fly rElec
                  | Int-3 Dex+7}
  2880 | D:4      | Noticed an ogre
  2880 | D:4      | Noticed GoodGuyCap's ghost (amateur OpSh)
  3087 | D:4      | Found a burning altar of Makhleb.
  3327 | D:4      | Learned a level 1 spell: Necrotise
  3329 | D:4      | Learned a level 1 spell: Summon Small Mammal
  3356 | D:4      | Noticed a bullfrog
  3361 | D:4      | Killed a bullfrog
  3362 | D:4      | Reached skill level 1 in Short Blades
  3362 | D:4      | Reached skill level 1 in Armour
  3362 | D:4      | Reached XP level 5. HP: 31/38 MP: 0/5
  3611 | D:4      | Noticed an ogre
  3615 | D:4      | HP: 1/38 [ogre/+0 giant club (37)]
  3618 | D:4      | Killed an ogre
  3619 | D:4      | Reached skill level 1 in Stealth
  3776 | D:4      | Reached XP level 6. HP: 44/44 MP: 4/6
  3997 | D:5      | Entered Level 5 of the Dungeon
  4063 | D:5      | Reached skill level 2 in Stealth
  4063 | D:5      | Reached skill level 1 in Spellcasting
  4063 | D:5      | Reached skill level 1 in Necromancy
  4190 | D:5      | Gained mutation: You have hoof-like feet. [demonic
                  | ancestry]
  4190 | D:5      | Reached XP level 7. HP: 31/50 MP: 2/9
  4553 | D:5      | Reached skill level 3 in Stealth
  4909 | D:5      | Found a staircase to the Ecumenical Temple.
  4918 | Temple   | Entered the Ecumenical Temple
  4931 | Temple   | Became a worshipper of Cheibriados the Contemplative
  4986 | D:5      | Found a hide-covered altar of Uskayaw.
  5435 | D:6      | Reached skill level 4 in Stealth
  5449 | D:6      | Noticed Menkaure
  5461 | D:6      | Killed Menkaure
  5462 | D:6      | Gained mutation: You are partially covered in rugged brown
                  | scales. (AC +1, +3% HP) [demonic ancestry]
  5462 | D:6      | Reached XP level 8. HP: 42/58 MP: 7/12
  5644 | D:6      | Reached skill level 5 in Stealth
  5902 | D:7      | Mangled by a yak

Illustrated notes

Levels and vault maps discovered:
D:1:      shiori_arrival_elements, layout_basic, ebering_ecumenical_altar_hall
D:2:      layout_basic, serial_shops, nicolae_shop_crystal, shop
D:3:      layout_basic, overflow_temple_1_default,
          yredelemnul_forgotten_temple_becter,
          grunt_dithmenos_smoke_and_mirrors, minmay_increasing_density
D:4:      layout_layer_cave, mainiacjoe_overflow_catwalk, gammafunk_ghost_smash
D:5:      nicolae_cairo_tiling_large_dashed, layout_loops_ring,
          kennysheep_mini_moat, lemuel_temple_firewalk_b
D:6:      layout_cave_pools, uniq_menkaure
D:7:      layout_basic, vehumet_crystals, mainiacjoe_overflow_small_starburst,
          nzn_wu_jian_contemplation, amcnicky_mini_corridor_feature,
          the_hattery, uniq_pikel
Temple:   compressed_dpeg_triangle_lava_temple

Skill      XL: |  1  2  3  4  5  6  7  8 |
---------------+-------------------------+-----
Shapeshifting  | 3 |  3.4
Unarmed Combat | 3 |  3.4
Dodging        | 2 3 |  3.1
Short Blades   | 1 2 |  2.3
Armour         | 1 2 |  2.8
Fighting       | 2 |  2.5
Stealth        | 1 2 4 5 |  5.8
Spellcasting   | 1 2 3 |  3.9
Necromancy     | 1 3 |  3.8
Throwing       | |  0.5
Summonings     | |  0.6

Action                     |  1- 3 |  4- 6 |  7- 9 || total
---------------------------+-------+-------+-------++-------
  Melee: Unarmed           |    62 |       |       ||    62
         Punch             |     2 |     4 |     1 ||     7
         Dagger            |    53 |    68 |    43 ||   164
         Kick              |       |    17 |     9 ||    26
  Throw: Boomerang         |       |     3 |     5 ||     8
   Cast: Necrotise         |       |    13 |    35 ||    48
         Summon Small Mamm |       |       |     4 ||     4
    Use: Scroll            |       |       |     5 ||     5
   Stab: Sleeping          |     2 |       |     2 ||     4
         Paralysed         |       |    15 |    24 ||    39
         Distracted        |       |       |     1 ||     1
 Armour: Animal skin       |     8 |       |       ||     8
         Leather armour    |     7 |     7 |     4 ||    18
  Dodge: Dodged            |    62 |    36 |    26 ||   124
         Form:             |     1 |       |       ||     1

Table legend: (Time is in decaauts)
 A = Elapsed time spent in this place.
 B = Non-inter-level travel time spent in this place.
 C = Inter-level travel time spent in this place.
 D = Time resting spent in this place.
 E = Time spent auto-exploring this place.
 F = Levels seen in this place.
 G = Mean time per level.
                   A        B        C        D        E       F      G
               +--------+--------+--------+--------+--------+-----+--------+
         Total |   6054 |   5872 |    182 |    382 |   4543 |   8 |  756.8 |
       Dungeon |   6029 |   5847 |    182 |    382 |   4543 |   7 |  861.3 |
        Temple |     24 |     24 |      0 |      0 |      0 |   1 |   24.0 |
               +--------+--------+--------+--------+--------+-----+--------+

Top non-repeatable levels by time:
     D:4: 1263 daAuts
     D:5: 1134 daAuts
     D:1: 1045 daAuts
     D:3: 961 daAuts
     D:6: 891 daAuts
     D:2: 721 daAuts
  Temple: 24 daAuts
     D:7: 12 daAuts
